 Dungeon Crawl Stone Soup version bcrawl-1.12-11-gb93c957c58 (console) character file.

Game seed: 11026467477179637037

139 CALLOUS the Chiller (level 5, -2/35 HPs)
             Began as a Merfolk Ice Elementalist on July 1, 2019.
             Slain by a centaur zombie (4 damage)
             ... on level 3 of the Dungeon.
             The game lasted 00:46:08 (4092 turns).

CALLOUS the Chiller (Merfolk Ice Elementalist)      Turns: 4092, Time: 00:46:08

Health: -2/35      AC:  2    Str:  8    XL:     5   Next: 22%
Magic:  1/8        EV: 14    Int: 14    God:
Gold:   243        SH:  0    Dex: 16    Spells: 4/8 levels left

rFire    . . .     SeeInvis .   i - -1 short sword (curse)
rCold    . . .     Gourm    .   (no shield)
rNeg     . . .     Faith    .   s - +0 robe
rPois    .         Spirit   .   (no helmet)
rElec    .         Reflect  .   (no cloak)
rCorr    .         Harm     .   (no gloves)
MR       .....                  (no boots)
Stlth    ++........             (no amulet)
HPRegen  0.11/turn              (no ring)
MPRegen  0.11/turn              (no ring)

@: no status effects
A: change form in water, swift swim, stealthy swim
a: no special abilities


You were on level 3 of the Dungeon.
You were not hungry.

You visited 1 branch of the dungeon, and saw 3 of its levels.

You collected 243 gold pieces.

Inventory:

Hand Weapons
 a - a +1 dagger of speed
 b - a +0 spear
 i - a cursed -1 short sword (weapon)
 u - a +0 trident
Missiles
 d - 154 arrows
 k - 369 stones
 n - 145 bolts
 r - 27 tomahawks (quivered)
Armour
 s - a +0 robe (worn)
Jewellery
 o - a +2 ring of evasion {unknown}
 t - an uncursed ring of protection from cold {unknown}
Scrolls
 m - 2 scrolls of remove curse {unknown}
 p - 3 scrolls of identify {unknown}
 w - a scroll of immolation {unknown}
 x - a scroll of enchant armour {unknown}
Potions
 e - 3 potions of curing {unknown}
 h - 2 potions of mutation {unknown}
 l - a potion of resistance {unknown}
Comestibles
 c - a ration {!d}
 v - 2 chunks of flesh


   Skills:
 + Level 0.2 Fighting
 * Level 2.7 Polearms
 * Level 4.0 Dodging
 + Level 3.4 Stealth
 - Level 2.0 Spellcasting
   Level 0.7 Conjurations
 + Level 0.1 Charms
 + Level 4.6 Ice Magic


You had 4 spell levels left.
You knew the following spells:

 Your Spells              Type           Power        Failure   Level  Hunger
a - Freeze                Ice            ##..         3%          1    ##.....
b - Ozocubu's Armour      Chrm/Ice       #.......     26%         3    ####...

Your spell library contained the following spells:

 Spells                   Type           Power        Failure   Level  Hunger
 Throw Frost              Conj/Ice       #.....       12%         2    ###....
 Throw Icicle             Conj/Ice       #.......     61%         4    #####..
 Summon Ice Beast         Ice/Summ       #.......     67%         4    #####..


Dungeon Overview and Level Annotations

Branches:
Dungeon (3/12)

Altars:
Elyvilon
Lugonu

Annotations:
D:2 1 exclusion
D:3 5opDflailchain, exclusion: orc priest


Message History

* * * LOW HITPOINT WARNING * * *
You hit the centaur zombie.
The centaur zombie is almost destroyed.
The centaur zombie closely misses you.
You hit the centaur zombie but do no damage.
The centaur zombie is almost destroyed.
The centaur zombie closely misses you. The centaur zombie hits you.
* * * LOW HITPOINT WARNING * * *
You hit the centaur zombie but do no damage.
The centaur zombie is almost destroyed.
The centaur zombie hits you.
* * * LOW HITPOINT WARNING * * *
You hit the centaur zombie but do no damage.
The centaur zombie is almost destroyed.
The centaur zombie closely misses you. The centaur zombie hits you.
* * * LOW HITPOINT WARNING * * *
You hit the centaur zombie but do no damage.
The centaur zombie is almost destroyed.
The centaur zombie hits you.
You die...

#.... ####. #. #. ...#####. #.
......... #. ########. #. #. #.
### ####. #. ##.## #..[. ##
#Z#######.#.###.##. .#
#.@..........##.##. .#
#######.##......... .####
##.#.#.##.### ....# ##...###...
.##.######### ##.## #####
.##.........# ##.##
.##########.# #...# ## #.#
#...# ###.####### #...#
########.........# #...#
#.....##.#..#.##.#####...######


You could see a centaur zombie.

Vanquished Creatures
  3 gnolls (D:3)
  An adder (D:3)
  An adder skeleton (D:3)
  2 worms
  3 dart slugs
  7 leopard geckos
  2 orcs (D:3)
  5 bats
  2 giant cockroaches
  4 goblins
  6 hobgoblins
  12 jackals
  11 kobolds
  A quokka (D:1)
  3 ball pythons
  3 frilled lizards
  4 rats
70 creatures vanquished.

Notes
Turn   | Place    | Note
-------+----------+-------------------------------------------
     0 | D:1      | CALLOUS the Merfolk Ice Elementalist began the quest for
                  | the Orb.
     0 | D:1      | Reached XP level 1. HP: 13/13 MP: 3/3
   298 | D:1      | Reached XP level 2. HP: 19/19 MP: 3/5
  1131 | D:1      | Reached skill level 1 in Polearms
  1131 | D:1      | Reached XP level 3. HP: 11/24 MP: 0/6
  1777 | D:2      | Learned a level 3 spell: Ozocubu's Armour
  2126 | D:2      | Reached XP level 4. HP: 30/30 MP: 7/7
  3144 | D:3      | Found a white marble altar of Elyvilon.
  3146 | D:3      | Found a corrupted altar of Lugonu.
  3156 | D:3      | Reached XP level 5. HP: 35/35 MP: 4/8
  4092 | D:3      | Slain by a centaur zombie

Skill      XL: |  1  2  3  4  5 |
---------------+----------------+-----
Dodging        | 3 4 |  4.0
Polearms       | 1 2 |  2.7
Ice Magic      | 4 |  4.6
Stealth        | 3 |  3.4
Fighting       | |  0.2
Spellcasting   | |  2.0
Conjurations   | |  0.7
Charms         | |  0.1

Action                   |  1- 3 |  4- 6 || total
-------------------------+-------+-------++-------
Melee: Dagger            |     7 |    62 ||    69
       Unarmed           |     1 |       ||     1
       Short sword       |    34 |    52 ||    86
       Spear             |       |     1 ||     1
Throw: Stone             |    74 |    40 ||   114
       Tomahawk          |     7 |    22 ||    29
 Cast: Freeze            |    51 |    33 ||    84
       Ozocubu's Armour  |       |     4 ||     4
 Stab: Sleeping          |     7 |       ||     7
       Distracted        |       |     1 ||     1
  Eat: Chunk             |     5 |     7 ||    12
Armor: Robe              |     6 |     7 ||    13
Dodge: Dodged            |    59 |   102 ||   161
